 Dungeon Crawl Stone Soup version 0.26-a0-660-gc07710193c (webtiles) character file.

Game seed: 432082196254408532

1713 Decritt the Cleaver (level 8, -1/73 HPs)
             Began as a Minotaur Berserker on Oct 6, 2020.
             Was a Priest of Trog.
             Slain by a wight
             ... wielding a +0 war axe
              (5 damage)
             ... on level 6 of the Dungeon.
             The game lasted 00:10:04 (5244 turns).

Decritt the Cleaver (Minotaur Berserker)            Turns: 5244, Time: 00:10:04

Health: -1/73      AC: 13    Str: 23    XL:     8   Next: 74%
Magic:  7/7        EV: 10    Int:  4    God:    Trog [***...]
Gold:   214        SH:  0    Dex: 11    Spells: 7/7 levels left

rFire    . . .     SeeInvis .   s - +0 war axe
rCold    . . .     Faith    .   (no shield)
rNeg     . . .     Spirit   .   k - +0 chain mail
rPois    .         Reflect  .   (helmet restricted)
rElec    .         Harm     .   i - scarf {repulsion}
rCorr    .         Rampage  .   (no gloves)
MR       ++...                  w - +2 pair of boots
Stlth    ..........             (no amulet)
HPRegen  1.22/turn              (no ring)
MPRegen  0.10/turn              (no ring)

@: berserk cooldown, regenerating, slowed, lightly drained, repel missiles, very
slow
A: retaliatory headbutt, horns 2
a: Berserk, Trog's Hand, Renounce Religion


You were on level 6 of the Dungeon.
You worshipped Trog.
Trog was most pleased with you.
You visited 1 branch of the dungeon, and saw 6 of its levels.

You collected 214 gold pieces.

Inventory:

Hand Weapons
 s - a +0 war axe (weapon)
Missiles
 u - 12 stones (quivered)
Armour
 i - a scarf of repulsion (worn)
 k - a +0 chain mail (worn)
 w - a +2 pair of boots (worn)
Wands
 a - a wand of digging (5)
 h - a wand of paralysis (10)
Scrolls
 d - 3 scrolls of random uselessness {unknown}
 e - a scroll of enchant weapon {unknown}
 f - 5 scrolls of identify {unknown}
 g - 5 scrolls of remove curse {unknown}
 j - 2 scrolls of teleportation {unknown}
 m - a scroll of noise {unknown}
 n - a scroll of blinking {unknown}
 q - a scroll of enchant armour {unknown}
 r - a scroll of amnesia {unknown}
 v - a scroll of fog {unknown}
Potions
 b - 2 potions of curing {unknown}
 c - 4 potions of stabbing {unknown}
 l - a potion of ambrosia {unknown}
 o - 2 potions of heal wounds {unknown}
 p - a potion of lignification {unknown}
 t - a potion of haste {unknown}


   Skills:
 + Level 7.0(6.4) Fighting
 * Level 9.3(8.6) Axes
 + Level 6.4(5.8) Armour
 + Level 5.9(5.3) Dodging


You had 7 spell levels left.
You didn't know any spells.
Your spell library was empty.

Dungeon Overview and Level Annotations

Branches:
Dungeon (6/15)
 Temple: D:4-7

Altars:
Dithmenos
Elyvilon
Trog


Innate Abilities, Weirdness & Mutations

You reflexively headbutt those who attack you in melee.
You have a pair of horns on your head.


Message History

You are no longer berserk.
You are exhausted.
You feel yourself slow down. The wight hits you but does no damage.
The wight closely misses you. You furiously retaliate!
You headbutt the wight. You closely miss the wight.
Your headbutt misses the wight.
The wight is moderately damaged.
You hit the wight. The wight hits you with a +2 war axe!
* * * LOW HITPOINT WARNING * * *
You feel drained.
* * * LOW HITPOINT WARNING * * *
The wight barely misses you.
You closely miss the wight.
The wight is severely damaged.
You barely miss the wight. The wight hits you with a +2 war axe.
* * * LOW HITPOINT WARNING * * *
You feel drained. The wight hits you but does no damage.
Your skin crawls.
You feel resistant to hostile enchantments.
The wight closely misses you. The wight hits you with a +0 war axe.
You die...

.... ## .....
.###......
..#....... #
###...#.....
#.#....#......
#...#)(.......
#.<)z#......
#.##@z(.(...
... ###......
#..# ..(.. #..
.... #.. ...
.. .. .#. .


You could see 2 wights.

Vanquished Creatures
  Pikel (D:5)
  Sigmund (D:2)
  A necrophage (D:5)
  An orc warrior (D:6)
  3 ogres
  2 centaurs (D:5)
  3 lemures (D:5)
  2 wights (D:6)
  3 orc priests
  3 orc wizards
  A centaur skeleton (D:5)
  4 worker ants
  An iguana (D:6)
  A hound skeleton (D:5)
  3 adders
  A white imp (D:5)
  An ufetubus (D:5)
  2 oozes
  A worm (D:5)
  A dart slug (D:2)
  3 leopard geckos
  15 orcs
  6 bats
  5 giant cockroaches
  8 goblins
  4 hobgoblins
  3 jackals (D:5)
  2 quokkas (D:3)
  A ball python (D:1)
  5 frilled lizards
  7 kobolds
  8 rats
103 creatures vanquished.

Vanquished Creatures (others)
  2 plants (D:4)
2 creatures vanquished.

Grand Total: 105 creatures vanquished

Notes
Turn   | Place    | Note
-------+----------+-------------------------------------------
     0 | D:1      | Decritt the Minotaur Berserker began the quest for the Orb.
     0 | D:1      | Reached XP level 1. HP: 19/19 MP: 0/0
   524 | D:1      | Reached XP level 2. HP: 27/27 MP: 1/1
   541 | D:1      | Reached skill level 4 in Axes
  1021 | D:2      | Noticed Sigmund
  1029 | D:2      | Killed Sigmund
  1029 | D:2      | Reached ** piety under Trog
  1029 | D:2      | Reached skill level 5 in Axes
  1029 | D:2      | Reached XP level 3. HP: 4/34 MP: 2/2
  1029 | D:2      | Reached XP level 4. HP: 5/41 MP: 3/3
  1029 | D:2      | Reached XP level 5. HP: 6/47 MP: 4/4
  1579 | D:2      | Reached XP level 6. HP: 47/55 MP: 5/5
  1941 | D:2      | Reached skill level 6 in Axes
  1947 | D:2      | Found a shadowy altar of Dithmenos.
  2124 | D:3      | Reached skill level 5 in Fighting
  3030 | D:4      | Found a white marble altar of Elyvilon.
  3368 | D:4      | Reached *** piety under Trog
  3432 | D:4      | Reached XP level 7. HP: 61/61 MP: 6/6
  4035 | D:5      | Entered Level 5 of the Dungeon
  4037 | D:5      | Noticed Pikel
  4052 | D:5      | Killed Pikel
  4052 | D:5      | Reached skill level 7 in Axes
  4052 | D:5      | Reached skill level 5 in Armour
  4220 | D:5      | Found a bloodstained altar of Trog.
  4221 | D:5      | Reached skill level 8 in Axes
  4221 | D:5      | Reached skill level 5 in Dodging
  4221 | D:5      | Reached XP level 8. HP: 59/70 MP: 7/7
  5230 | D:6      | Reached skill level 9 in Axes
  5242 | D:6      | HP: 3/73 [wight/+2 war axe (3)]
  5244 | D:6      | Slain by a wight

Illustrated notes

Levels and vault maps discovered:
D:1:      lightli_arrival_lavapool, layout_basic,
          hangedman_decor_clover_reticule
D:2:      cheibrodos_pilgrimage, layout_basic,
          nicolae_dithmenos_through_a_glass_darkly, uniq_sigmund
D:3:      layout_basic, minmay_curled_crystal
D:4:      layout_basic, elyvilon_altar_4, serial_forest,
          infiniplex_forest_zigzag_2, infiniplex_forest_3_way,
          infiniplex_forest_split, infiniplex_forest_straight_3,
          infiniplex_forest_lined_room_, infiniplex_forest_lined_room_2,
          infiniplex_forest_clump_diagonal, infiniplex_forest_clump_large,
          chequers_jeans
D:5:      layout_basic, overflow_temple_1_default, uniq_pikel
D:6:      layout_rooms, yredelemnul_forgotten_temple_becter,
          lightli_ossuary_entry_decrepit_ruins, uniq_duvessa

Skill      XL: |  1  2  3  4  5  6  7  8 |
---------------+-------------------------+-----
Axes           | 5 6 8 9 |  9.3
Fighting       | 4 5 6 7 |  7.0
Armour         | 3 4 5 6 |  6.4
Dodging        | 3 4 5 |  5.9

Action                   |  1- 3 |  4- 6 |  7- 9 || total
-------------------------+-------+-------+-------++-------
Melee: Hand axe          |    51 |    27 |       ||    78
       Headbutt          |     5 |    12 |    17 ||    34
       Mace              |       |    58 |     6 ||    64
       War axe           |       |       |    85 ||    85
Throw: Stone             |       |       |    16 ||    16
Invok: Berserk           |     1 |     1 |     2 ||     4
       Trog's Hand       |       |       |     1 ||     1
 Stab: Sleeping          |       |     1 |       ||     1
Armor: Animal skin       |     6 |       |       ||     6
       Chain mail        |       |    21 |    45 ||    66
       Scale mail        |       |     9 |       ||     9
Dodge: Dodged            |    30 |    63 |    60 ||   153

Table legend: (Time is in decaauts)
 A = Elapsed time spent in this place.
 B = Non-inter-level travel time spent in this place.
 C = Inter-level travel time spent in this place.
 D = Time resting spent in this place.
 E = Time spent auto-exploring this place.
 F = Levels seen in this place.
 G = Mean time per level.
                   A        B        C        D        E       F      G
               +--------+--------+--------+--------+--------+-----+--------+
         Total |   5296 |   5211 |     85 |    100 |   4437 |   6 |  882.7 |
       Dungeon |   5296 |   5211 |     85 |    100 |   4437 |   6 |  882.7 |
               +--------+--------+--------+--------+--------+-----+--------+

Top non-repeatable levels by time:
     D:5: 1191 daAuts
     D:4: 1178 daAuts
     D:2: 1047 daAuts
     D:1: 1024 daAuts
     D:3: 819 daAuts
     D:6: 34 daAuts
